 Dungeon Crawl Stone Soup version 0.22-a0-617-g6d95e9e (webtiles) character file.

348 sking99 the Slasher (level 6, 0/53 HPs)
             Began as a Draconian Warper on July 12, 2018.
             Was an Initiate of Ru.
             Slain by a slave (6 damage)
             ... led by Pikel
             ... on level 4 of the Dungeon.
             The game lasted 00:08:34 (4644 turns).

sking99 the Slasher (Draconian Warper)              Turns: 4644, Time: 00:08:35

Health: 0/53       AC:  6    Str: 14    XL:     6   Next: 33%
Magic:  6/9        EV: 12    Int: 13    God:    Ru [......]
Gold:   194        SH:  0    Dex: 10    Spells: 5/9 levels left

rFire    . . .     SeeInvis .   r - +0 scimitar
rCold    . . .     Gourm    .   (no shield)
rNeg     . . .     Faith    .   (armour unavailable)
rPois    .         Spirit   .   (helmet restricted)
rElec    .         Reflect  .   (no cloak)
rCorr    .         Harm     .   (no gloves)
MR       .....                  (no boots)
Stlth    +.........             (no amulet)
HPRegen  0.17/turn              (no ring)
MPRegen  0.11/turn              (no ring)

@: very slightly contaminated
A: unfitting armour, clumsy 1, cold-blooded, AC +6
a: Renounce Religion


You were on level 4 of the Dungeon.
You worshipped Ru.
Ru was noncommittal.
You were not hungry.

You visited 1 branch of the dungeon, and saw 4 of its levels.

You collected 194 gold pieces.

Inventory:

Hand Weapons
 r - a +0 scimitar (weapon)
Missiles
 d - 5 tomahawks of dispersal (quivered)
Armour
 i - a +0 pair of gloves
Jewellery
 k - an uncursed ring of poison resistance {unknown}
 s - an uncursed amulet of rage {unknown}
Scrolls
 a - 3 scrolls of identify {unknown}
 b - a scroll of magic mapping {unknown}
 c - a scroll of blinking
 h - a scroll of fog {unknown}
 l - 2 scrolls of remove curse {unknown}
 m - 2 scrolls of teleportation {unknown}
 p - a scroll of enchant armour {unknown}
Potions
 e - a potion of might {unknown}
 g - a potion of cancellation {unknown}
 j - a potion of haste
 o - a potion of lignification {unknown}
 q - 3 potions of curing {unknown}
Comestibles
 f - 4 rations


   Skills:
 + Level 4.4 Fighting
 * Level 5.0 Long Blades
 - Level 0.8 Throwing
 - Level 2.1 Dodging
 - Level 2.0 Spellcasting
 + Level 4.1 Translocations


You had 5 spell levels left.
You knew the following spells:

 Your Spells              Type           Power        Failure   Level  Hunger
a - Blink                 Tloc           N/A          7%          2    ###....
b - Shroud of Golubria    Chrm/Tloc      #.........   17%         2    ###....

Your spell library contained the following spells:

 Spells                   Type           Power        Failure   Level  Hunger
 Teleport Other           Tloc           ##......     14%         3    ####...
 Passage of Golubria      Tloc           N/A          43%         4    #####..
 Gell's Gravitas          Tloc           ##........   14%         3    ####...
 Lesser Beckoning         Tloc           ##........   14%         3    ####...


Dungeon Overview and Level Annotations

Branches:
Dungeon (4/15)
 Temple: D:4-7

Altars:
Makhleb
Okawaru
Qazlal
Ru
Trog
Vehumet
Xom

Annotations:
D:3 Pikel
D:4 1 runed door, Meatbag's ghost, amateur DDFi


Innate Abilities, Weirdness & Mutations

Your plain brown scales are hard. (AC +6)
You cannot fit into any form of body armour.
You are clumsy. (Dex -2)
You are cold-blooded and may be slowed by cold attacks.


Message History

The slave hits you. The slave hits you but does no damage.
Press: ? - help, v - describe, . - travel
Here: a slave, wearing an animal skin (lightly wounded)
The floor, spattered with blood.
You hit the slave.
Your tail-slap misses the slave.
The slave is lightly wounded.
The slave hits you.
* * * LOW HITPOINT WARNING * * *
You hit the hound.
Your tail-slap misses the hound.
The hound is lightly wounded.
The hound closely misses you. x2; The slave hits you.
* * * LOW HITPOINT WARNING * * *
Casting: Shroud of Golubria (safe; 17% risk of failure)
Confirm with . or Enter, or press ? or * to list all spells.
You miscast Blink.
You are very lightly contaminated with residual magic.
Nothing appears to happen.
The hound bites you.
* * * LOW HITPOINT WARNING * * *
The slave hits you.
You die...

##.##.#.###.#.#.#.# ........###
......#.###.#.....# ........###
##.####.....#.#.#.# ...........#
.#.# #######.#.########.......#
.+.. ...................>..#..#
.#########......#####..........#
.##..............# #.#........#
###........)...#h####.....#....#
#.........[...@p.............#.
#..............[#.......#......
#......[..........#............
#..............#........#.#####
###.........#....................
#......()######.##...........####
#........# ###..##..#.#...####
#........# #....##....#...#
#........# #.#.###.#..#...#


You could see a slave and a hound.

Vanquished Creatures
  2 slaves
  An ogre (D:4)
  A bullfrog skeleton (D:4)
  3 worker ants
  4 gnolls (D:4)
  3 adders
  2 worms
  5 dart slugs
  A leopard gecko (D:1)
  4 orcs (D:3)
  6 giant cockroaches
  13 goblins
  8 hobgoblins
  9 jackals
  2 quokkas (D:2)
  6 bats
  2 frilled lizards
  7 kobolds
  6 rats
85 creatures vanquished.

Notes
Turn   | Place    | Note
-------+----------+-------------------------------------------
     0 | D:1      | sking99 the Draconian Warper began the quest for the Orb.
     0 | D:1      | Reached XP level 1. HP: 17/17 MP: 3/3
   205 | D:1      | Reached XP level 2. HP: 25/25 MP: 5/5
   630 | D:1      | Reached XP level 3. HP: 27/31 MP: 6/6
   768 | D:2      | Found a burning altar of Makhleb.
   782 | D:2      | Found a sacrificial altar of Ru.
   801 | D:2      | Reached skill level 3 in Long Blades
   862 | D:2      | Learned a level 2 spell: Blink
   865 | D:2      | Learned a level 2 spell: Shroud of Golubria
   873 | D:2      | Found a radiant altar of Vehumet.
   885 | D:2      | Found an iron altar of Okawaru.
  1122 | D:2      | Became a worshipper of Ru the Awakened
  1989 | D:3      | Reached XP level 4. HP: 29/38 MP: 4/7
  2099 | D:3      | Found a bloodstained altar of Trog.
  2216 | D:3      | Found a stormy altar of Qazlal.
  2428 | D:3      | Gained mutation: You are clumsy. (Dex -2) [Ru sacrifice]
  2923 | D:4      | Reached skill level 4 in Long Blades
  2923 | D:4      | Reached XP level 5. HP: 37/46 MP: 3/8
  3521 | D:4      | HP: 2/46 [gnoll/whip (9)]
  3904 | D:4      | Noticed an ogre
  3912 | D:4      | Killed an ogre
  3912 | D:4      | Reached XP level 6. HP: 37/52 MP: 6/9
  4008 | D:4      | Reached skill level 5 in Long Blades
  4292 | D:4      | Found a runed door.
  4292 | D:4      | Found a shimmering altar of Xom.
  4292 | D:4      | Noticed Meatbag's ghost (amateur DDFi)
  4292 | D:4      | Noticed a dagger of chaos
  4339 | D:4      | Noticed Pikel
  4339 | D:4      | Noticed a slave
  4339 | D:4      | Noticed a slave
  4342 | D:4      | Noticed a slave
  4342 | D:4      | Noticed a slave
  4383 | D:3      | Killed a slave
  4640 | D:4      | Killed a slave
  4644 | D:4      | Slain by a slave

Vault maps used:
D:1:      mainiacjoe_arrival_reflecting_pool, dk_noncrumbling_3
D:2:      nicolae_overflow_quartered_altars
D:3:      bloody_trog, lemuel_doored_altar
D:4:      ebering_ghost_xom, uniq_pikel

Skill      XL: |  1  2  3  4  5  6 |
---------------+-------------------+-----
Fighting       | 3 4 |  4.4
Long Blades    | 3 4 5 |  5.0
Translocations | 4 |  4.1
Throwing       | |  0.8
Dodging        | |  2.1
Spellcasting   | |  2.0

Action                   |  1- 3 |  4- 6 || total
-------------------------+-------+-------++-------
Melee: Falchion          |   108 |       ||   108
       Tailslap          |     8 |    21 ||    29
       Scimitar          |       |   161 ||   161
 Cast: Shroud of Golubri |     1 |    11 ||    12
       Blink             |     1 |     4 ||     5
Invok: Sacrifice Purity  |       |     1 ||     1
  Use: Potion            |       |     3 ||     3
 Stab: Sleeping          |     1 |     1 ||     2
  Eat: Chunk             |     4 |     4 ||     8
       Ration            |       |     2 ||     2
Armor: Skin              |    45 |    65 ||   110
Dodge: Dodged            |    84 |   131 ||   215
       Rpst.: Falchion   |    23 |       ||    23
       Scimitar          |       |    34 ||    34

Table legend:
 A = Spawn XP
 B = Non-spawn XP
 C = Spawn XP percentage of total XP
 D = Spawn monster count
 E = Non-spawn monster count
 F = Spawn count percentage of total count
 G = Total turns spent on level
                    A         B        C        D         E        F      G
               +---------+---------+-------+---------+---------+-------+---------
         Total |       0 |     498 |   0.0 |       0 |      83 |   0.0 |  4644
               +---------+---------+-------+---------+---------+-------+---------
           D:1 |       0 |      41 |   0.0 |       0 |      22 |   0.0 |   906
           D:2 |       0 |      45 |   0.0 |       0 |      20 |   0.0 |  1225
           D:3 |       0 |     103 |   0.0 |       0 |      24 |   0.0 |  1520
           D:4 |       0 |     309 |   0.0 |       0 |      17 |   0.0 |   993
               +---------+---------+-------+---------+---------+-------+---------
